 Dungeon Crawl Stone Soup version 0.23-a0-619-g281719c (webtiles) character file.

141 Azzok the Ruffian (level 5, 35/41 HPs)
             Began as a Demonspawn Fighter on Dec 22, 2018.
             Was an Initiate of Cheibriados.
             Quit the game on level 3 of the Dungeon.
             The game lasted 00:02:56 (2099 turns).

Azzok the Ruffian (Demonspawn Fighter)              Turns: 2099, Time: 00:02:58

Health: 35/41      AC:  8    Str: 17    XL:     5   Next: 3%
Magic:  5/5        EV:  6    Int: 12    God:    Cheibriados [......]
Gold:   97         SH: 12    Dex: 13    Spells: 4/4 levels left

rFire    . . .     SeeInvis .     - Unarmed
rCold    . . .     Gourm    .   b - +0 shield
rNeg     . . .     Faith    .   a - +0 scale mail
rPois    .         Spirit   .   (no helmet)
rElec    .         Reflect  +   (no cloak)
rCorr    .         Harm     .   (no gloves)
MR       .....                  (no boots)
Stlth    ..........             e - +4 amulet of reflection
HPRegen  0.13/turn              (no ring)
MPRegen  0.09/turn              (no ring)

@: very slow
A: icy blue scales 1, demonic guardian 1
a: Bend Time, Renounce Religion


You were on level 3 of the Dungeon.
You worshipped Cheibriados.
Cheibriados was noncommittal.
You were not hungry.

You visited 1 branch of the dungeon, and saw 3 of its levels.

You collected 97 gold pieces.

Inventory:

Armour
 a - a +0 scale mail (worn)
 b - a +0 shield (worn)
Jewellery
 e - a +4 amulet of reflection (around neck)
Scrolls
 f - a scroll of fog {unknown}
 g - a scroll of amnesia {unknown}
 h - a scroll of enchant armour {unknown}
 i - 2 scrolls of magic mapping {unknown}
 k - a scroll of enchant weapon {unknown}
 m - a scroll of noise {unknown}
 n - a scroll of teleportation {unknown}
 o - a scroll of blinking {unknown}
 p - a scroll of identify {unknown}
 s - a scroll of remove curse {unknown}
Potions
 c - a potion of might
 j - a potion of magic {unknown}
 l - 3 potions of degeneration {unknown}
 q - a potion of flight {unknown}
Comestibles
 d - 4 rations
 r - 3 chunks of flesh


   Skills:
 - Level 3.0 Fighting
 - Level 2.6 Armour
 - Level 2.6 Shields
 + Level 4.8 Unarmed Combat


You had 4 spell levels left.
You didn't know any spells.
Your spell library was empty.

Dungeon Overview and Level Annotations

Branches:
Dungeon (3/15)

Altars:
Cheibriados
Gozag
Okawaru
Qazlal
Trog
Yredelemnul
Zin


Innate Abilities, Weirdness & Mutations

You are partially covered in icy blue scales. (AC +2)
A weak demonic guardian rushes to your aid.


Message History

The howler monkey is lightly wounded.
The howler monkey closely misses you.
You closely miss the howler monkey.
The howler monkey is lightly wounded.
You block the howler monkey's attack.
You hit the howler monkey.
The howler monkey is heavily wounded.
You block the howler monkey's attack.
The howler monkey hoots and howls with incredible vigour!
You hear a shout!
You hear an angry hiss.
You hit the howler monkey.
The howler monkey is severely wounded.
You block the howler monkey's attack.
You hit the howler monkey.
You kill the howler monkey!
Cheibriados appreciates the change of pace.
You have reached level 5!
Your demonic ancestry asserts itself...
You feel the presence of a demonic guardian.
Are you sure you want to abandon this character and quit the game? (Confirm

▒▒·▒▒▒·▒▒▒▒▒▒▒▒▒···▒ ▒·▒
▒···········▒·▒ ▒·▒
▒▒▒▒▒▒▒▒▒▒▒▒▒·▒ ▒·▒ ▒ ········▒
▒·▒ ▒ ▒·▒▒▒▒▒▒▒▒▒·▒ ▒·▒
▒·▒▒·▒▒······▒·▒ ▒▒▒▒▒·▒
▒········▒···▒·▒▒▒▒ ······▒
·▒················ ▒▒▒▒▒▒▒▒▒▒·▒
▒·@········▒
···········▒··▒▒·▒▒▒▒····▒
▒▒▒▒▒▒▒···············▒╬▒
▒▒▒▒▒▒▒·▒▒▒·▒·▒····▒▒·▒·▒
···················╬····▒ ▒
·········▒▒▒▒▒▒····▒▒·▒▒▒ ▒
▒▒▒·····················▒ ▒
····▒▒▒·····▒··▒·▒▒▒▒·▒·▒▒▒▒▒▒·▒▒
▒▒··▒ ▒·····▒··▒·▒ ▒··········▒▒


There were no monsters in sight!

Vanquished Creatures
  A howler monkey (D:3)
  A gnoll (D:1)
  An adder (D:2)
  An ooze (D:2)
  2 worms (D:2)
  3 dart slugs (D:1)
  A leopard gecko (D:2)
  An orc (D:3)
  A giant cockroach (D:1)
  6 goblins
  12 hobgoblins
  7 jackals
  9 kobolds
  5 bats
  2 frilled lizards
  12 rats
65 creatures vanquished.

Notes
Turn   | Place    | Note
-------+----------+-------------------------------------------
     0 | D:1      | Azzok the Demonspawn Fighter began the quest for the Orb.
     0 | D:1      | Reached XP level 1. HP: 18/18 MP: 1/1
    16 | D:1      | Reached skill level 2 in Unarmed Combat
   105 | D:1      | Gained mutation: You are partially covered in icy blue
                  | scales. (AC +2) [demonic ancestry]
   105 | D:1      | Reached XP level 2. HP: 23/24 MP: 2/2
   234 | D:1      | Reached skill level 3 in Unarmed Combat
   472 | D:1      | Reached XP level 3. HP: 29/29 MP: 3/3
  1099 | D:2      | Reached skill level 4 in Unarmed Combat
  1099 | D:2      | Reached XP level 4. HP: 30/35 MP: 4/4
  1528 | D:2      | Found a glowing silver altar of Zin.
  1535 | D:2      | Found a snail-covered altar of Cheibriados.
  1539 | D:2      | Became a worshipper of Cheibriados the Contemplative
  1544 | D:2      | Found a stormy altar of Qazlal.
  1551 | D:2      | Found an opulent altar of Gozag.
  1555 | D:2      | Found a basalt altar of Yredelemnul.
  1561 | D:2      | Found an iron altar of Okawaru.
  1565 | D:2      | Found a bloodstained altar of Trog.
  2098 | D:3      | Gained mutation: A weak demonic guardian rushes to your
                  | aid. [demonic ancestry]
  2098 | D:3      | Reached XP level 5. HP: 35/41 MP: 5/5
  2099 | D:3      | Quit the game

Vault maps used:
D:1:      grunt_arrival_lava_bath, minmay_pentomino_p2
D:2:      grunt_temple_overflow_octagram, lemuel_another_geyser

Skill      XL: |  1  2  3 |
---------------+----------+-----
Unarmed Combat | 2 3 4 |  4.8
Fighting       | |  3.0
Armour         | |  2.6
Shields        | |  2.6

Action                   |  1- 3 |  4- 6 || total
-------------------------+-------+-------++-------
Melee: Unarmed           |   207 |   120 ||   327
  Eat: Chunk             |     1 |     4 ||     5
Armor: Scale mail        |    48 |    57 ||   105
Dodge: Dodged            |    24 |    33 ||    57
Block: Shield            |   112 |    93 ||   205
       Reflection        |     6 |     1 ||     7

Table legend:
 A = Non-vault XP
 B = Vault XP
 C = Vault XP percentage of total XP
 D = Non-vault monster count
 E = Vault monster count
 F = Vault count percentage of total count
                 A         B        C        D         E       F
            +---------+---------+-------+---------+---------+-------
      Total |     198 |       4 |   2.0 |      63 |       2 |   3.1
            +---------+---------+-------+---------+---------+-------
        D:1 |      75 |       4 |   5.1 |      33 |       2 |   5.7
        D:2 |      61 |       0 |   0.0 |      25 |       0 |   0.0
        D:3 |      62 |       0 |   0.0 |       5 |       0 |   0.0
            +---------+---------+-------+---------+---------+-------
